 Dungeon Crawl Stone Soup version 0.20.1-1-g8b1a95d66d (webtiles) character file.

42 FreshCat the Vexing (level 3, -2/14 HPs)
             Began as a Felid Enchanter on Nov 25, 2017.
             Slain by a gnoll
             ... wielding a +0 halberd
              (6 damage)
             ... on level 2 of the Dungeon.
             The game lasted 00:22:00 (1294 turns).

FreshCat the Vexing (Felid Enchanter)               Turns: 1294, Time: 00:22:01

Health: -2/14      AC:  1    Str:  5    XL:     3   Next: 33%
Magic:  1/7        EV: 18    Int: 16    God:
Gold:   118        SH:  0    Dex: 16    Spells: 0/6 levels left
                                        Lives:  0   Deaths: 0

rFire    x . .     SeeInvis +     - Unarmed
rCold    + . .     Gourm    .   (shield unavailable)
rNeg     . . .     Faith    .   (armour unavailable)
rPois    .         Spirit   .   (helmet unavailable)
rElec    .         Reflect  .   (cloak unavailable)
rCorr    .         Harm     .   (gloves unavailable)
MR       .....                  (boots unavailable)
Stlth    +++.......             f - amulet of regeneration
Regen    0.5/turn               m - ring of ice
MPRegen  0.1/turn               (no ring)

@: quick
A: no armour, no weapons or thrown items, stealth, claws 1, fangs 3, see
invisible, carnivore 3, speed 1, shaggy fur 1, slow metabolism 1, sharp paws
a: no special abilities


You were on level 2 of the Dungeon.
You were hungry.

You visited 1 branch of the dungeon, and saw 3 of its levels.

You collected 118 gold pieces.

Inventory:

Jewellery
 f - an amulet of regeneration (around neck)
 l - an uncursed amulet of rage {unknown}
 m - a ring of ice (left paw)
Scrolls
 c - a scroll of remove curse
 e - a scroll of random uselessness
Potions
 h - a potion of lignification {unknown}
 i - a potion of might {unknown}
Books
 a - a book of Maledictions

   Spells                             Type                      Level
   a - Corona                         Hexes                        1
   b - Ensorcelled Hibernation        Hexes/Ice                    2
   c - Confuse                        Hexes                        3
   d - Tukima's Dance                 Hexes                        3
   e - Dazzling Spray                 Conjuration/Hexes            3
Comestibles
 b - 2 meat rations
 k - a royal jelly


   Skills:
 + Level 3.0 Dodging
 + Level 4.6 Stealth
 + Level 1.5 Unarmed Combat
 + Level 2.1 Spellcasting
 + Level 5.3 Hexes


You couldn't memorise any spells.
You knew the following spells:

 Your Spells              Type           Power        Failure   Level  Hunger
a - Corona                Hex            ###....      2%          1    #......
b - Ensorcelled Hibernat  Hex/Ice        ###...       11%         2    ###....
c - Tukima's Dance        Hex            ###.....     7%          3    ###....


Dungeon Overview and Level Annotations

Branches:
Dungeon (3/15)

Altars:


Innate Abilities, Weirdness & Mutations

You cannot wear armour.
You are incapable of wielding weapons or throwing items.
Your paws allow you to move quietly. (Stealth)
You have sharp claws.
You have razor-sharp teeth.
You have supernaturally acute eyesight. (SInv)
You are carnivorous and can eat meat at any time.
You cover ground quickly.
You are covered in fur. (AC +1)
You have a slow metabolism.
Your sharp claws are effective at attacking unaware monsters.


Message History

The gnoll is heavily wounded.
A gnoll comes into view. It is wielding a halberd.
Casting: Corona
Confirm with . or Enter, or press ? or * to list all spells.
Aiming: Corona
Press: ? - help, Shift-Dir - straight line, f - hobgoblin, p - gnoll
Aim: a hobgoblin (chance to defeat MR: 73%)
The hobgoblin is outlined in light.
The gnoll completely misses you. The hobgoblin misses you.
Casting: Corona
Confirm with . or Enter, or press ? or * to list all spells.
Aiming: Tukima's Dance
Press: ? - help, Shift-Dir - straight line, f - gnoll, p - hobgoblin
Aim: a gnoll, wielding a halberd (heavily wounded, softly glowing, chance to defeat MR: 65%)
The halberd dances into the air!
You are feeling hungry.
The gnoll hits you.
* * * LOW HITPOINT WARNING * * *
The gnoll hits you from afar with a halberd.
You die...

#....##.# #....###
#P.8..#.# ####.###
#P.Z..#.# #.... #.....#.#
##### #....(..# #g..# ##
#.......# #...# #.
#.....(.# #g..# #.
#......g# #>..## #.
#.....รท@# #....# #.
#.....#g#####..[.# #.
##.##..g#........# #.
###### #......g...?....#
#.
#....######.............#
#.
#........##.....##.#....#
#.
#..[.....##.....##.##'###
#<
###........##........#..#
##
...........#######...#.##


You could see 3 gnolls, a hobgoblin, an adder skeleton and a friendly halberd.

Vanquished Creatures
  2 adders (D:2)
  An orc (D:3)
  4 bats
  3 goblins (D:1)
  4 hobgoblins (D:1)
  A frilled lizard (D:2)
  3 kobolds (D:1)
  6 rats
24 creatures vanquished.

Notes
Turn   | Place    | Note
-------+----------+-------------------------------------------
     0 | D:1      | FreshCat the Felid Enchanter began the quest for the Orb.
     0 | D:1      | Reached XP level 1. HP: 7/7 MP: 4/4
   377 | D:2      | Reached XP level 2. HP: 7/11 MP: 6/6
   553 | D:3      | Noticed a scorpion
   583 | D:2      | Reached skill level 5 in Hexes
   587 | D:2      | Learned a level 2 spell: Ensorcelled Hibernation
   713 | D:1      | Reached XP level 3. HP: 11/14 MP: 4/7
   981 | D:1      | Learned a level 3 spell: Tukima's Dance
  1294 | D:2      | Slain by a gnoll

Skill      XL: |  1  2 |
---------------+-------+-----
Hexes          | 5 |  5.3
Dodging        | 3 |  3.0
Stealth        | |  4.6
Unarmed Combat | |  1.5
Spellcasting   | |  2.1

Action                   || total
-------------------------++-------
Melee: Unarmed           ||   102
       Bite              ||     7
 Cast: Corona            ||    19
       Tukima's Dance    ||     4
       Ensorcelled Hiber ||     2
  Use: Scroll            ||     6
       Potion            ||     6
 Stab: Sleeping          ||     3
Armor: Skin              ||     4
Dodge: Dodged            ||    98
